 Dungeon Crawl Stone Soup version 0.22-a0-533-g4d20840 (webtiles) character file.

5180 nathanj439 the Arsonist (level 10, -4/69 HPs)
             Began as a Red Draconian Fire Elementalist on June 23, 2018.
             Was a Priest of Ru.
             Slain by a phantasmal warrior (35 damage)
             ... led by a death knight
             ... on level 7 of the Dungeon.
             The game lasted 01:11:12 (12880 turns).

nathanj439 the Arsonist (DrFE)                     Turns: 12880, Time: 01:11:13

Health: -4/69      AC:  8    Str: 11    XL:     10   Next: 34%
Magic:  4/20       EV: 13    Int: 18    God:    Ru [***...]
Gold:   538        SH:  5    Dex: 12    Spells: 12/22 levels left

rFire    + . .     SeeInvis .   d - +1 hand axe
rCold    . . .     Gourm    .   t - +0 buckler
rNeg     . . .     Faith    +   (armour unavailable)
rPois    .         Spirit   .   (helmet restricted)
rElec    .         Reflect  .   (no cloak)
rCorr    .         Harm     .   (no gloves)
MR       .....                  y - +0 pair of boots
Stlth    ..........             r - amulet of faith
HPRegen  0.21/turn              i - ring of wizardry
MPRegen  0.17/turn              C - +1 ring of evasion

@: short of breath
A: breathe fire, unfitting armour, fire resistance 1, no potion heal 1,
cold-blooded, no stealth, inexperienced 1, AC +7
a: Breathe Fire, Draw Out Power, Renounce Religion


You were on level 7 of the Dungeon.
You worshipped Ru.
Ru was most pleased with you.
You were not hungry.

You visited 1 branch of the dungeon, and saw 8 of its levels.

You collected 538 gold pieces.

Inventory:

Hand Weapons
 b - a +0 hunting sling
 d - a +1 hand axe (weapon)
 w - the +2 hunting sling "Ysicil" {flame, +Fly Str-3 Dex-5 SInv}
   (You found it on level 5 of the Dungeon)

   It causes projectiles fired from it to burn those they strike, causing extra
   injury to most foes and up to half again as much damage against particularly
   susceptible opponents.
   It affects your strength (-3).
   It affects your dexterity (-5).
   It lets you see invisible.
   It lets you fly.
Missiles
 e - 348 stones (quivered)
 u - 94 sling bullets
Armour
 t - a +0 buckler (worn)
 y - a +0 pair of boots (worn)
Jewellery
 i - a ring of wizardry (left hand)
 r - an amulet of faith (around neck)
 v - an uncursed ring of wizardry
 B - an uncursed ring of fire
 C - a +1 ring of evasion (right hand)
Wands
 f - a wand of flame (25)
 z - a wand of disintegration (1)
Scrolls
 a - a scroll of vulnerability {unknown}
 c - 4 scrolls of enchant weapon
 h - a scroll of amnesia {unknown}
 k - 3 scrolls of immolation
 l - 4 scrolls of remove curse
 A - 2 scrolls of enchant armour {unknown}
 E - 3 scrolls of identify
 F - a scroll of teleportation
Potions
 g - 3 potions of degeneration
 j - 3 potions of heal wounds {unknown}
 m - 2 potions of flight {unknown}
 o - 3 potions of mutation {unknown}
 q - 3 potions of curing
 s - a potion of resistance {unknown}
 x - a potion of ambrosia {unknown}
 D - a potion of lignification {unknown}
Comestibles
 p - 9 rations


   Skills:
 - Level 1.7 Dodging
 - Level 4.0 Shields
 - Level 6.8 Spellcasting
 + Level 9.3 Conjurations
 + Level 11.4 Fire Magic


You had 12 spell levels left.
You knew the following spells:

 Your Spells              Type           Power        Failure   Level  Hunger
a - Flame Tongue          Conj/Fire      #####        1%          1    None
b - Throw Flame           Conj/Fire      #####.       1%          2    None
c - Conjure Flame         Conj/Fire      #####...     1%          3    ##.....
d - Sticky Flame          Conj/Fire      #####...     1%          4    ####...

Your spell library contained the following spells:

 Spells                   Type           Power        Failure   Level  Hunger
 Magic Dart               Conj           ####         1%          1    None
 Fireball                 Conj/Fire      #####.....   1%          5    #####..
 Summon Small Mammal      Summ           #...         4%          1    None
 Iskenderun's Mystic Bla  Conj           #####...     1%          4    ####...
 Summon Ice Beast         Ice/Summ       #.......     38%         4    ####...
 Call Imp                 Summ           #.......     7%          2    None
 Call Canine Familiar     Summ           #.......     13%         3    ##.....
 Inner Flame              Hex/Fire       ####....     1%          3    ##.....
 Fulminant Prism          Conj/Hex       ###.......   6%          4    ####...
 Dazzling Spray           Conj/Hex       ###...       1%          3    ##.....
 Force Lance              Conj/Tloc      ###.....     6%          4    ####...
 Searing Ray              Conj           #####.       1%          2    None
 Summon Lightning Spire   Summ/Air       #.......     38%         4    ####...
 Summon Guardian Golem    Hex/Summ       #.......     13%         3    ##.....


Dungeon Overview and Level Annotations

Branches:
Dungeon (8/15)             Temple (0/1) D:7
   Lair: D:8-11

Altars:
Ashenzari
Dithmenos
Elyvilon
Gozag
Okawaru
Ru
Trog
Xom
The Shining One

Annotations:
D:4 3 runed doors, Eustachio; iishen's ghost, amateur KoMo
D:6 1 runed door, exclusion: door


Innate Abilities, Weirdness & Mutations

You can breathe blasts of fire.
Your fiery red scales are hard. (AC +7)
You cannot fit into any form of body armour.
Your flesh is heat resistant. (rF+)
Potions are less effective at restoring your health.
You are cold-blooded and may be slowed by cold attacks.
You cannot be stealthy.
You are somewhat inexperienced. (-2 XL)


Message History

Okay, then.
Unknown command.
The crimson imp barely misses you.
Casting: Flame Tongue (safe; 1% risk of failure)
Confirm with . or Enter, or press ? or * to list all spells.
Aiming: Sticky Flame (safe; 1% risk of failure)
Press: ? - help, Shift-Dir - straight line, f/p - phantasmal warrior
Aim: a phantasmal warrior (severely damaged)
The sticky flame hits the phantasmal warrior.
The phantasmal warrior appears unharmed.
The phantasmal warrior is severely damaged.
The phantasmal warrior hits you.
The crimson imp blinks!
You hit the phantasmal warrior but do no damage.
You tail-slap the phantasmal warrior, but do no damage.
The phantasmal warrior is severely damaged.
The phantasmal warrior hits you!!
* * * LOW HITPOINT WARNING * * *
The crimson imp blinks!
The phantasmal warrior hits you!!
Ouch! That really hurt!
You die...

......##..#....#...........#
...........§>..####...######
........................#
#....................)###
##.#..##.##.#..#.##..##
##.#...........#.##..#
.....................#
##.#.######.#.##§##..#
##.#.### #.#.##@##..#
.......####.#.##W##..#
##...................#
...#..........##.§...#
##.#...####.####.##..#
##.#...# #.# #.##..##
##.#...####.####.##...#
##....................####
.#.#...##.#.####.##.#....#


You could see a phantasmal warrior.

Vanquished Creatures
  Pikel (D:6)
  Joseph (D:7)
  Sigmund (D:5)
  A spriggan (D:8)
  A wyvern (D:8)
  A hungry ghost (D:8)
  A steam dragon (D:8)
  Menkaure (D:5)
  Edmund (D:6)
  An orc warrior (D:8)
  2 ice beasts (D:7)
  A hornet zombie (D:8)
  A sky beast (D:7)
  4 black bears
  2 ogres
  A phantom (D:8)
  3 necrophages (D:8)
  2 centaurs
  7 big kobolds (D:5)
  5 bullfrogs
  A water moccasin zombie (D:5)
  A wyvern zombie (D:8)
  6 killer bees (D:7)
  3 wights (D:8)
  A howler monkey (D:4)
  3 crimson imps
  A bullfrog zombie (D:8)
  3 hounds
  A centaur skeleton (D:4)
  3 orc priests
  An iguana (D:6)
  2 orc wizards (D:6)
  3 worker ants
  2 hound zombies (D:8)
  A worker ant zombie (D:8)
  6 adders
  9 gnolls
  3 oozes
  An adder zombie (D:7)
  An adder skeleton (D:7)
  2 worms
  A dart slug (D:1)
  A leopard gecko (D:3)
  21 orcs
  2 giant cockroaches
  6 goblins
  5 hobgoblins
  41 kobolds
  3 quokkas
  3 bats
  6 frilled lizards
  A jackal skeleton (D:7)
  5 rats
187 creatures vanquished.

Vanquished Creatures (others)
  An orc warrior (D:5)
  A slave (D:6)
  A worker ant (D:6)
  2 kobolds (D:5)
  3 fungi (D:6)
  A withered plant (D:8)
9 creatures vanquished.

Grand Total: 196 creatures vanquished

Notes
Turn   | Place    | Note
-------+----------+-------------------------------------------
     0 | D:1      | nathanj439 the Draconian Fire Elementalist began the quest for the Orb.
     0 | D:1      | Reached XP level 1. HP: 14/14 MP: 3/3
   457 | D:1      | Reached XP level 2. HP: 20/20 MP: 0/5
  1083 | D:2      | Found an opulent altar of Gozag.
  1105 | D:2      | Found a shimmering altar of Xom.
  1166 | D:2      | Found a shattered altar of Ashenzari.
  1268 | D:2      | Found a sacrificial altar of Ru.
  1295 | D:2      | Became a worshipper of Ru the Awakened
  1628 | D:3      | Reached XP level 3. HP: 26/26 MP: 6/6
  1833 | D:3      | Reached skill level 4 in Fire Magic
  1836 | D:3      | Reached XP level 4. HP: 33/33 MP: 1/7
  2076 | D:3      | Reached skill level 1 in Shields
  2742 | D:4      | Gained mutation: You are somewhat inexperienced. (-2 XL) [Ru sacrifice]
  2742 | D:4      | Reached XP level 3. HP: 26/26 MP: 6/6
  2742 | D:4      | Reached XP level 2. HP: 20/20 MP: 5/5
  2742 | D:4      | Reached * piety under Ru
  2742 | D:4      | Reached ** piety under Ru
  2932 | D:4      | Noticed Eustachio
  2934 | D:4      | Noticed a crimson imp
  3260 | D:4      | Noticed a howler monkey
  3266 | D:4      | Killed a howler monkey
  3266 | D:4      | Reached XP level 3. HP: 26/26 MP: 3/6
  3332 | D:4      | Reached XP level 4. HP: 33/33 MP: 7/7
  3566 | D:4      | Found a runed gate.
  3566 | D:4      | Found a runed gate.
  3567 | D:4      | Found a runed gate.
  3801 | D:5      | Entered Level 5 of the Dungeon
  4048 | D:5      | Reached XP level 5. HP: 30/38 MP: 1/8
  4109 | D:5      | Noticed a black bear
  4135 | D:5      | Noticed Sigmund
  4452 | D:5      | Got a faintly glowing hunting sling
  4453 | D:5      | Identified the +2 hunting sling "Ysicil" {flame, +Fly Str-3 Dex-5 SInv} (You found it on level 5 of the Dungeon)
  4532 | D:5      | Killed a black bear
  4532 | D:5      | Reached skill level 5 in Fire Magic
  4532 | D:5      | Reached XP level 6. HP: 45/45 MP: 6/9
  4816 | D:4      | Learned a level 2 spell: Throw Flame
  4820 | D:4      | Learned a level 3 spell: Conjure Flame
  4907 | D:4      | Noticed iishen's ghost (amateur KoMo)
  4941 | D:5      | Killed Sigmund
  5227 | D:5      | Your scales start taking on a fiery red colour.
  5227 | D:5      | Reached skill level 6 in Fire Magic
  5227 | D:5      | Reached XP level 7. HP: 50/50 MP: 10/10
  5227 | D:5      | Gained mutation: Your flesh is heat resistant. (rF+) [Red Draconian growth]
  5369 | D:5      | Reached skill level 5 in Conjurations
  5369 | D:5      | Reached skill level 7 in Fire Magic
  5705 | D:5      | Gained mutation: Potions are less effective at restoring your health. [Ru sacrifice]
  5705 | D:5      | Reached *** piety under Ru
  5822 | D:5      | Noticed Menkaure
  5826 | D:5      | Killed Menkaure
  5965 | D:5      | Reached skill level 8 in Fire Magic
  6093 | D:5      | Reached XP level 8. HP: 39/57 MP: 7/11
  6298 | D:5      | Found an iron altar of Okawaru.
  6860 | D:6      | Reached skill level 9 in Fire Magic
  7416 | D:6      | Found a bloodstained altar of Trog.
  7453 | D:6      | Noticed Pikel
  7457 | D:6      | Killed Pikel
  7457 | D:6      | Reached skill level 10 in Fire Magic
  7457 | D:6      | Reached XP level 9. HP: 61/62 MP: 8/12
  7607 | D:6      | Found a shadowy altar of Dithmenos.
  7732 | D:6      | Found a runed door.
  7736 | D:6      | Noticed Edmund
  7741 | D:6      | Killed Edmund
  8785 | D:7      | Learned a level 4 spell: Sticky Flame
  8790 | D:7      | Found a staircase to the Ecumenical Temple.
 10161 | D:7      | Reached skill level 5 in Spellcasting
 10302 | D:7      | Noticed Joseph
 10314 | D:7      | Killed Joseph
 10612 | D:7      | Found a glowing golden altar of the Shining One.
 11281 | D:8      | Reached XP level 10. HP: 69/69 MP: 7/20
 11937 | D:8      | Reached skill level 11 in Fire Magic
 12257 | D:8      | Noticed a phantasmal warrior
 12326 | D:8      | Found a white marble altar of Elyvilon.
 12399 | D:8      | Gained mutation: You cannot be stealthy. [Ru sacrifice]
 12843 | D:8      | Noticed a phantasmal warrior
 12844 | D:8      | Noticed a death knight
 12880 | D:7      | Slain by a phantasmal warrior

Vault maps used:
D:1:      minmay_arrival_pointy
D:2:      overflow_temple_1_default, nicolae_overflow_crystal_walls,
          grunt_gozag_statues, lemuel_doored_altar, minivault_27
D:3:      first_ration, hex_tiny
D:4:      gammafunk_ghost_necromancy, uniq_eustachio
D:5:      minmay_goblin_kobold_castle, lemuel_round_altar, uniq_menkaure,
          uniq_sigmund
D:6:      trog_ov_bears_minmay, overflow_temple_1_default, uniq_edmund,
          uniq_pikel, uniq_crazy_yiuf_cottage
D:7:      tso_altar, temple_fountains, uniq_joseph
D:8:      old_standard_altar, serial_undead, serial_undead_a, serial_undead_c,
          serial_undead_f, serial_undead_b, serial_undead_b, serial_undead_d,
          serial_undead_c, the_bakery, hangedman_decor_riveting,
          eino_small_chamber_without_monster

Skill      XL: |  1  2  3  4  5  6  7  8  9 10 |
---------------+-------------------------------+-----
Conjurations   | 2 3 4 6 8 9 |  9.3
Fire Magic     | 4 5 6 8 10 11 | 11.4
Shields        | 2 3 4 |  4.0
Spellcasting   | 6 |  6.8
Stealth        | 0 |  0.0
Dodging        | |  1.7

Action                   |  1- 3 |  4- 6 |  7- 9 | 10-12 || total
-------------------------+-------+-------+-------+-------++-------
Melee: Club              |     9 |       |       |       ||     9
       Tailslap          |     1 |       |     1 |     6 ||     8
       Hand axe          |     6 |     3 |    15 |    76 ||   100
 Fire: Hunting sling     |    28 |    54 |   327 |       ||   409
Throw: Stone             |    22 |     2 |     1 |    17 ||    42
 Cast: Flame Tongue      |    48 |    63 |   125 |    47 ||   283
       Throw Flame       |       |     3 |    75 |    43 ||   121
       Conjure Flame     |       |       |     4 |     1 ||     5
       Sticky Flame      |       |       |     1 |     2 ||     3
Invok: Sacrifice Experie |     1 |       |       |       ||     1
       Sacrifice Purity  |       |       |     1 |       ||     1
       Draw Out Power    |       |       |       |     1 ||     1
       Sacrifice Stealth |       |       |       |     1 ||     1
 Abil: Breathe Fire      |       |       |     3 |     3 ||     6
Evoke: Wand              |       |       |     2 |     4 ||     6
  Use: Scroll            |       |     4 |     7 |       ||    11
 Stab: Distracted        |       |       |     1 |       ||     1
  Eat: Chunk             |     4 |     4 |    11 |     2 ||    21
       Ration            |     1 |     1 |     4 |     1 ||     7
Armor: Skin              |    10 |    15 |    67 |    22 ||   114
Dodge: Dodged            |    25 |    32 |   150 |    56 ||   263
Block: Buckler           |     3 |     4 |    46 |    31 ||    84

Table legend:
 A = Spawn XP
 B = Non-spawn XP
 C = Spawn XP percentage of total XP
 D = Spawn monster count
 E = Non-spawn monster count
 F = Spawn count percentage of total count
 G = Total turns spent on level
                    A         B        C        D         E        F      G
               +---------+---------+-------+---------+---------+-------+---------
         Total |       0 |    7542 |   0.0 |       0 |     189 |   0.0 | 12880
               +---------+---------+-------+---------+---------+-------+---------
           D:1 |       0 |      25 |   0.0 |       0 |      12 |   0.0 |   919
           D:2 |       0 |      29 |   0.0 |       0 |       5 |   0.0 |   862
           D:3 |       0 |     123 |   0.0 |       0 |      24 |   0.0 |  1112
           D:4 |       0 |     285 |   0.0 |       0 |      14 |   0.0 |  1524
           D:5 |       0 |    1505 |   0.0 |       0 |      60 |   0.0 |  2765
           D:6 |       0 |    1554 |   0.0 |       0 |      26 |   0.0 |  2113
           D:7 |       0 |    1628 |   0.0 |       0 |      21 |   0.0 |  1906
           D:8 |       0 |    2393 |   0.0 |       0 |      27 |   0.0 |  1679
               +---------+---------+-------+---------+---------+-------+---------
